 Dungeon Crawl Stone Soup version 0.32-a0-909-gc671339a80 (webtiles) character file.

Game seed: 15400282677594997108

170 GiantSquids the Shooter (level 5, -1/38 HPs)
             Began as a Coglin Hunter on Apr 6, 2024.
             Slain by a ribbon worm (4 damage)
             ... on level 3 of the Dungeon.
             The game lasted 00:01:52 (1560 turns).

GiantSquids the Shooter (Coglin Hunter)             Turns: 1560, Time: 00:01:52

Health: -1/38      AC:  3    Str: 11    XL:     5   Next: 51%
Magic:  5/5        EV: 11    Int:  8    God:
Gold:   129        SH:  0    Dex: 20    Spells: 4/4 levels left

rFire   . . .        a - +2 sling {Thulani}
rCold   . . .        d - +0 sling {Zero}
rNeg    . . .        c - +0 leather armour
rPois   .            (no helmet)
rElec   .            (no cloak)
rCorr   .            (no gloves)
SInv    .            (no boots)
Will    .....        (amulet unavailable)
Stlth   ++           (ring unavailable)
HPRegen 0.26/turn    (ring unavailable)
MPRegen 0.09/turn    (no gizmo)

%: no passive effects
@: revved
A: off-hand wielding, slow wielding, warmup strikes, no jewellery
a: Invent Gizmo


You were on level 3 of the Dungeon.
You visited 1 branch of the dungeon, and saw 3 of its levels.

You collected 129 gold pieces.

Inventory:

Hand Weapons
 a - a +2 sling (weapon) {Thulani}
 d - a +0 sling (offhand) {Zero}
Armour
 c - a +0 leather armour (worn)
Scrolls
 b - a scroll of butterflies
 e - 3 scrolls of identify {unknown}
 g - a scroll of immolation {unknown}
 i - 2 scrolls of poison {unknown}
 k - a scroll of fear {unknown}
 l - a scroll of summoning {unknown}
 q - a scroll of revelation {unknown}
 r - a scroll of fog {unknown}
 s - a scroll of torment {unknown}
Potions
 f - 2 potions of berserk rage {unknown}
 h - a potion of resistance {unknown}
 j - a potion of curing {unknown}
 m - 2 potions of magic {unknown}
 n - 2 potions of degeneration {unknown}
 o - a potion of invisibility {unknown}
 p - a potion of mutation {unknown}


   Skills:
 - Level 2.0 Fighting
 + Level 6.0 Ranged Weapons
 - Level 1.7 Dodging
 - Level 0.7 Stealth


You had 4 spell levels left.
You didn't know any spells.
Your spell library contained the following spells:

 Spells                   Type           Power      Damage    Failure   Level
 Kiss of Death            Conj/Necr      0%         2d5       50%         1
 Confusing Touch          Hex            0%         N/A       86%         3
 Dispel Undead            Necr           0%         3d6       99%         4


Dungeon Overview and Level Annotations

Branches:
Dungeon (3/15)

Altars:


Innate Abilities, Weirdness & Mutations

You can wield a second weapon in your off-hand.
It takes a long time for you to wield or remove held weapons.
Your first few attacks do less damage.
You cannot equip rings or amulets.


Message History

You shoot a sling bullet. The sling bullet hits the gnoll.
The gnoll is almost dead.
You shoot a sling bullet. The sling bullet hits the gnoll!
You kill the gnoll!
The gnoll hits you from afar with a +0 spear.
You shoot a sling bullet.
The sling bullet closely misses the gnoll.
You shoot a sling bullet.
The sling bullet barely misses the gnoll.
The gnoll misses you.
You shoot a sling bullet.
The sling bullet hits the gnoll but does no damage.
You shoot a sling bullet. The sling bullet hits the gnoll.
The gnoll is moderately wounded.
The gnoll hits you from afar with a +0 spear.
A ribbon worm comes into view.
The gnoll hits you from afar with a +0 spear!
* * * LOW HITPOINT WARNING * * *
You shoot a sling bullet.
The sling bullet closely misses the gnoll.
You shoot a sling bullet. The sling bullet hits the gnoll!
The gnoll is almost dead.
The gnoll misses you.
You shoot a sling bullet.
The sling bullet hits the gnoll but does no damage.
The gnoll is almost dead.
You shoot a sling bullet.
The sling bullet barely misses the gnoll.
The gnoll hits you from afar with a +0 spear.
* * * LOW HITPOINT WARNING * * *
You shoot a sling bullet. The sling bullet hits the gnoll!
You kill the gnoll!
You shoot a sling bullet.
Your Ranged Weapons skill increases to level 6!
You shoot a sling bullet. The sling bullet hits the ribbon worm.
The ribbon worm is lightly wounded.
You shoot a sling bullet. The sling bullet hits the ribbon worm!
The ribbon worm is heavily wounded.
The ribbon worm bites you.
You die...

### # #.# #. ####.# ########
#..#....# #.))...# #.#..#.# #@# .
..[..#.#######w####+########
.##.#.##.#...................#
....#..........#.............####
....#.#......#.#....(............
##..#.########.#..(..........####
.............#.#.............#
)#..#.######.#.#.............####
....#.## #.#.............##.#


You could see a ribbon worm.

Vanquished Creatures
  An orc wizard (D:3)
  4 gnolls (D:3)
  3 adders
  3 ribbon worms
  5 orcs (D:3)
  3 bats
  6 endoplasms
  3 giant cockroaches
  5 goblins
  8 hobgoblins
  5 kobolds
  6 quokkas
  6 ball pythons
  3 frilled lizards (D:1)
  6 rats (D:2)
67 creatures vanquished.

Notes
Turn   | Place    | Note
-------+----------+-------------------------------------------
     0 | D:1      | GiantSquids the Coglin Hunter began the quest for the Orb.
     0 | D:1      | Reached XP level 1. HP: 16/16 MP: 1/1
   129 | D:1      | Reached skill level 4 in Ranged Weapons
   129 | D:1      | Reached XP level 2. HP: 22/22 MP: 2/2
   559 | D:1      | Reached XP level 3. HP: 27/27 MP: 3/3
   988 | D:2      | Reached skill level 5 in Ranged Weapons
   989 | D:2      | Reached XP level 4. HP: 33/33 MP: 4/4
  1183 | D:2      | You fall into a shaft and drop 1 floor!
  1335 | D:3      | Reached XP level 5. HP: 38/38 MP: 5/5
  1560 | D:3      | Reached skill level 6 in Ranged Weapons
  1560 | D:3      | Slain by a ribbon worm

Illustrated notes

Levels and vault maps discovered:
D:1:      lordsloth_arrival_two_stooges, layout_loops_corners
D:2:      layout_basic, minmay_rat_hole
D:3:      layout_basic, st_stairs_7, dk_noncrumbling_3, minmay_circle_x

Skill      XL: |  1  2  3  4  5 |
---------------+----------------+-----
Ranged Weapons | 4 5 6 |  6.0
Fighting       | |  2.0
Dodging        | |  1.7
Stealth        | |  0.7

Action                     |  1- 3 |  4- 6 || total
---------------------------+-------+-------++-------
   Fire: Sling             |   150 |   126 ||   276
 Armour: Leather armour    |     9 |     9 ||    18
  Dodge: Dodged            |     9 |    10 ||    19

Table legend: (Time is in decaauts)
 A = Elapsed time spent in this place.
 B = Non-inter-level travel time spent in this place.
 C = Inter-level travel time spent in this place.
 D = Time resting spent in this place.
 E = Time spent auto-exploring this place.
 F = Levels seen in this place.
 G = Mean time per level.
                   A        B        C        D        E       F      G
               +--------+--------+--------+--------+--------+-----+--------+
         Total |   1588 |   1578 |     10 |      0 |   1316 |   3 |  529.3 |
       Dungeon |   1588 |   1578 |     10 |      0 |   1316 |   3 |  529.3 |
               +--------+--------+--------+--------+--------+-----+--------+

Top non-repeatable levels by time:
     D:1: 823 daAuts
     D:3: 385 daAuts
     D:2: 379 daAuts
